 Dungeon Crawl Stone Soup version 0.25.0-26-g0c896c7088 (webtiles) character file.

Game seed: 342676054136662175

41 protoss039 the Vexing (level 3, -2/25 HPs)
             Began as a Vampire Enchanter on July 3, 2020.
             Slain by a worm (11 damage)
             ... on level 2 of the Dungeon.
             The game lasted 00:04:50 (1345 turns).

protoss039 the Vexing (Vampire Enchanter)           Turns: 1345, Time: 00:04:50

Health: -2/25      AC:  3    Str:  7    XL:     3   Next: 32%
Magic:  2/6        EV: 13    Int: 17    God:
Gold:   61         SH:  0    Dex: 15    Spells: 0/6 levels left

rFire    . . .     SeeInvis +   a - +1 dagger
rCold    . . .     Gourm    .   (no shield)
rNeg     . . .     Faith    .   b - +0 robe
rPois    .         Spirit   .   (no helmet)
rElec    .         Reflect  .   (no cloak)
rCorr    .         Harm     .   k - +0 pair of gloves
MR       .....                  (no boots)
Stlth    +++.......             (no amulet)
HPRegen  0.28/turn              (no ring)
MPRegen  0.10/turn              (no ring)

@: regenerating quickly
A: no food, fangs 3, see invisible, unbreathing
a: Exsanguinate


You were on level 2 of the Dungeon.
You were alive.

You visited 1 branch of the dungeon, and saw 2 of its levels.

You collected 61 gold pieces.

Inventory:

Hand Weapons
 a - a +1 dagger (weapon)
Armour
 b - a +0 robe (worn)
 k - a +0 pair of gloves (worn)
Jewellery
 e - an uncursed amulet of faith {unknown}
Scrolls
 c - a scroll of fear {unknown}
 d - 2 scrolls of remove curse {unknown}
 j - a scroll of fog {unknown}
 l - a scroll of teleportation {unknown}
Potions
 f - 2 potions of curing {unknown}
 g - 2 potions of flight {unknown}
 h - a potion of degeneration {unknown}
 i - a potion of brilliance {unknown}
 m - 2 potions of experience {unknown}


   Skills:
 + Level 0.4 Fighting
 + Level 1.5 Short Blades
 - Level 2.1 Dodging
 + Level 4.7 Stealth
 + Level 2.4 Spellcasting
 + Level 5.4 Hexes


You couldn't memorise any spells.
You knew the following spells:

 Your Spells              Type           Power        Failure   Level  Hunger
a - Corona                Hex            ###....      1%          1    N/A
b - Confusing Touch       Hex            ###.....     6%          3    N/A
c - Ensorcelled Hibernat  Hex/Ice        ##....       9%          2    N/A

Your spell library contained the following spells:

 Spells                   Type           Power        Failure   Level  Hunger
 Tukima's Dance           Hex            ###.....     6%          3    N/A
 Dazzling Flash           Conj/Hex       ##....       19%         3    N/A

Dungeon Overview and Level Annotations

Branches:
Dungeon (2/15)

Altars:
Hepliaklqana
Nemelex Xobeh


Innate Abilities, Weirdness & Mutations

You do not eat.
Your natural rate of healing is unusually fast.
You have razor-sharp teeth.
You have supernaturally acute eyesight. (SInv)
You can survive without breathing.


Message History

Aim: a worm (chance to defeat MR: 67%)
The worm is outlined in light.
You hit the worm.
The worm is moderately wounded.
The worm bites you!
Unknown command.
You hit the worm.
The worm is moderately wounded.
Unknown command.
Casting: Corona (safe; 1% risk of failure)
Confirm with . or Enter, or press ? or * to list all spells.
The spell is quite dangerous to cast (6% risk of failure)!
Continue anyway?
Okay, then.
Casting: Confusing Touch (quite dangerous; 6% risk of failure)
Confirm with . or Enter, or press ? or * to list all spells.
Aiming: Ensorcelled Hibernation (safe; 9% risk of failure)
Press: ? - help, Shift-Dir - straight line, f/p - worm
Aim: a worm (moderately wounded, softly glowing, chance to defeat MR: 50%) Nothing appears to happen.
The worm bites you!
You die...

#.. #.. #.. #.#
##.## ...## #w#.# ..
##@#.# #. #.<..# #.
#....# ####
#.##....# ...##
..#....# ....###
#.##'#.#
.#....#######.##.#.#
.#....#..........#.#
.#†...#.######.###.#


You could see a worm (corona).

Vanquished Creatures
  2 dart slugs (D:1)
  5 giant cockroaches
  5 hobgoblins
  4 jackals (D:1)
  3 kobolds
  2 ball pythons (D:1)
  7 bats
  2 frilled lizards (D:1)
  6 rats
36 creatures vanquished.

Vanquished Creatures (others)
  5 toadstools (D:1)
5 creatures vanquished.

Grand Total: 41 creatures vanquished

Notes
Turn   | Place    | Note
-------+----------+-------------------------------------------
     0 | D:1      | protoss039 the Vampire Enchanter began the quest for the
                  | Orb.
     0 | D:1      | Reached XP level 1. HP: 13/13 MP: 3/3
   146 | D:1      | Reached skill level 5 in Hexes
   155 | D:1      | Reached XP level 2. HP: 17/19 MP: 3/5
   717 | D:1      | Reached XP level 3. HP: 13/24 MP: 1/6
   782 | D:1      | Learned a level 3 spell: Confusing Touch
   785 | D:1      | Learned a level 2 spell: Ensorcelled Hibernation
   956 | D:2      | Found a sparkling altar of Nemelex Xobeh.
  1035 | D:2      | Found a hazy altar of Hepliaklqana.
  1345 | D:2      | Slain by a worm

Illustrated notes

Levels and vault maps discovered:
D:1:      ldierk_walled_garden, layout_basic
D:2:      layout_basic, nemelex_xobeh_ov_fountains_minmay,
          nicolae_overflow_crystal_walls, minitemple, uniq_natasha

Skill      XL: |  1 |
---------------+----+-----
Hexes          | 5 |  5.4
Fighting       | |  0.4
Short Blades   | |  1.5
Dodging        | |  2.1
Stealth        | |  4.7
Spellcasting   | |  2.4

Action                   || total
-------------------------++-------
Melee: Dagger            ||   191
       Bite              ||    13
 Cast: Corona            ||    39
       Ensorcelled Hiber ||     1
 Stab: Sleeping          ||     5
Armor: Robe              ||    59
Dodge: Dodged            ||   140
